 Dungeon Crawl Stone Soup version 0.26-a0-466-g989023bd0d (webtiles) character file.

Game seed: 16633207017851012240

9382 graki42 the Thaumaturge (level 11, -10/57 HPs)
             Began as a Deep Elf Conjurer on Aug 13, 2020.
             Was a Believer of Vehumet.
             Killed from afar by Nergalle (38 damage)
             ... with a bolt of negative energy
             ... on level 1 of the Orcish Mines.
             The game lasted 00:55:05 (12203 turns).

graki42 the Thaumaturge (Deep Elf Conjurer)        Turns: 12203, Time: 00:55:06

Health: -10/57     AC:  8    Str: 11    XL:     11   Next: 22%
Magic:  17/28      EV: 11    Int: 24    God:    Vehumet [**....]
Gold:   896        SH:  7    Dex: 13    Spells: 11/32 levels left

rFire    . . .     SeeInvis .   n - +2 scimitar of Intimidation {vorpal, rElec MR+++ Str+4 Stlth-} (curse)
rCold    . . .     Faith    .   j - +3 buckler
rNeg     . . .     Spirit   .   H - +0 troll leather armour
rPois    .         Reflect  .   (no helmet)
rElec    +         Harm     .   e - +1 cloak
rCorr    .                      u - +1 pair of gloves
MR       ++++.                  (no boots)
Stlth    +.........             r - amulet of magic regeneration
HPRegen  0.59/turn              E - ring of flight
MPRegen  0.46/turn              (no ring)

@: heavily drained
A: no striking features
a: Renounce Religion, Evoke Flight


You were on level 1 of the Orcish Mines.
You worshipped Vehumet.
Vehumet was pleased with you.
You visited 3 branches of the dungeon, and saw 12 of its levels.

You collected 896 gold pieces.

Inventory:

Hand Weapons
 a - the +9 flail of the Eternal Warrior {venom, Str+5 Int+5 Stlth+}
   (You found it on level 4 of the Dungeon)

   It poisons the flesh of those it strikes.
   It affects your strength (+5).
   It affects your intelligence (+5).
   It makes you more stealthy.
 n - the cursed +2 scimitar of Intimidation (weapon) {vorpal, rElec MR+++ Str+4 Stlth-}
   (You found it on level 10 of the Dungeon)

   It inflicts extra damage upon your enemies.
   It affects your strength (+4).
   It insulates you from electricity.
   It affects your resistance to hostile enchantments.
   It makes you less stealthy.
   It has a curse placed upon it.
 t - a +0 dagger of freezing
Missiles
 D - 2 throwing nets (quivered)
Armour
 d - a +0 robe of positive energy
 e - a +1 cloak (worn)
 j - a +3 buckler (worn)
 u - a +1 pair of gloves (worn)
 H - a +0 troll leather armour (worn)
Jewellery
 q - an uncursed amulet of regeneration
 r - an amulet of magic regeneration (around neck)
 E - a ring of flight (left hand)
 G - an uncursed amulet of faith
Wands
 x - a wand of enslavement (8)
 y - a wand of polymorph (16)
 C - a wand of acid (11)
 F - a wand of iceblast (9)
 I - a wand of flame (13)
Scrolls
 b - 2 scrolls of identify
 c - 9 scrolls of teleportation
 f - a scroll of blinking {unknown}
 g - 2 scrolls of immolation
 h - 6 scrolls of remove curse
 l - 4 scrolls of magic mapping
 o - 4 scrolls of amnesia
 w - 3 scrolls of enchant weapon
 B - a scroll of fog
Potions
 i - 8 potions of curing
 k - a potion of might
 m - 2 potions of heal wounds
 p - a potion of brilliance
 s - a potion of stabbing
 v - 2 potions of cancellation
 z - 2 potions of mutation
 A - a potion of berserk rage
 J - a potion of haste


   Skills:
 - Level 2.0(0.5) Fighting
 - Level 3.0(1.5) Dodging
 - Level 3.0(1.5) Stealth
 - Level 4.0(2.4) Shields
 + Level 11.3(9.5) Spellcasting
 + Level 10.5(8.7) Conjurations
 + Level 10.3(8.5) Hexes
 + Level 8.6(6.9) Translocations


You had 11 spell levels left.
You knew the following spells:

 Your Spells              Type           Power        Failure   Level
a - Magic Dart            Conj           ####         1%          1
b - Searing Ray           Conj           ######       1%          2
c - Dazzling Flash        Conj/Hex       ######       1%          3
d - Fulminant Prism       Conj/Hex       ######....   2%          4
e - Blink                 Tloc           N/A          1%          2
f - Iskenderun's Mystic   Conj/Tloc      #####...     3%          4
g - Gell's Gravitas       Tloc           #####.....   1%          3
h - Slow                  Hex            ######..     1%          2

Your spell library contained the following spells:

 Spells                   Type           Power        Failure   Level
 Inner Flame              Hex/Fire       ####....     4%          3
 Confusing Touch          Hex            ######..     1%          3
 Conjure Flame            Conj/Fire      ####....     4%          3
 Mephitic Cloud           Conj/Pois/Air  ####....     9%          3
 Call Imp                 Summ           ##......     14%         2
 Metabolic Englaciation   Hex/Ice        ####......   41%         5
 Yara's Violent Unravell  Hex/Tmut       ####......   41%         5
 Petrify                  Tmut/Erth      ##......     65%         4


Dungeon Overview and Level Annotations

Branches:
Dungeon (10/15)            Temple (1/1) D:6             Orc (1/2) D:10
   Lair: D:8-11

Altars:
Cheibriados
Dithmenos
Elyvilon
Gozag
Hepliaklqana
Nemelex Xobeh
Okawaru
Ru
Sif Muna
Trog
Uskayaw
Vehumet
Wu Jian
Xom
Yredelemnul
Zin
The Shining One

Annotations:
D:5 2 transporters, jt's ghost, weakling PaDe
Orc:1 Nergalle


Message History

The blast of energy engulfs Nergalle!
Nergalle is severely wounded.
The blast of energy engulfs the spectral orc!!
You destroy the spectral orc!
The blast of energy engulfs you!!
Casting: Fulminant Prism (dangerous; 1% risk of failure)
Confirm with . or Enter, or press ? or * to list all spells.
Press: ? - help, Dir - move target cursor You conjure a prism of explosive energy!
A fulminant prism comes into view.
The spectral orc warlord hits you but does no damage.
Nergalle casts a spell at the spectral orc warrior.
The spectral orc warrior seems to speed up.
Your fulminant prism crackles loudly.
Nergalle casts a spell at you.
The bolt of negative energy hits the spectral orc warrior.
The spectral orc warrior completely resists.
The bolt of negative energy hits you!!!
You feel drained.
Ouch! That really hurt!
You die...

##............##.# #.
##.#........###### #..
#......#.....########.
#..........#.......###
####..........>......##
##.####................##
####...#.##................#
##.##......Z.........#.......
#..........Z@..#.............
##.#....o....................
###.....*.#.................
#...#..........#..........
#....###.#....####........#
##.... ........# .......#.
#.......#.#....# .##..# #
#......######... ##.#..##


You could see Nergalle, a spectral orc warrior (summoned, fast), a spectral orc
warlord (summoned) and a friendly fulminant prism.

Vanquished Creatures
  Harold (D:8)
  2 hydras (D:10)
  A two-headed ogre (D:10)
  The ghost of Akhlayph the Summoner, a novice TeSu (D:10)
  A centaur skeleton (D:10)
  2 trolls
  A hornet (D:10)
  A hippogriff (D:10)
  A wyvern (D:10)
  A warg (Orc:1)
  2 water moccasins
  4 orc warriors
  A sky beast (D:8)
  2 phantoms
  4 ice beasts
  2 black bears (D:7)
  A necrophage (D:8)
  An ogre (D:9)
  4 centaurs
  A gnoll sergeant (D:10)
  5 bullfrogs
  2 scorpions
  10 killer bees
  9 wights
  3 howler monkeys
  2 centaur zombies
  2 hounds
  2 orc priests
  4 jellies
  A gnoll shaman (D:9)
  A bullfrog skeleton (D:7)
  An iguana (D:5)
  9 orc wizards
  6 worker ants
  2 hound skeletons
  A worker ant zombie (D:5)
  A howler monkey zombie (D:7)
  8 adders
  11 gnolls
  2 shadow imps
  2 white imps (D:5)
  2 ufetubi
  An ooze (D:3)
  An adder zombie (D:8)
  2 worms
  5 dart slugs
  3 leopard geckos
  39 orcs
  3 giant cockroaches
  5 goblins
  6 hobgoblins
  14 jackals
  2 quokkas
  9 bats
  6 frilled lizards
  5 kobolds
  2 leopard gecko skeletons
  A leopard gecko zombie (D:5)
  A quokka skeleton (D:4)
  10 rats
  A spectral orc (D:3)
  A fulminant prism (D:10)
237 creatures vanquished.

Vanquished Creatures (others)
  37 fulminant prisms
37 creatures vanquished.

Grand Total: 274 creatures vanquished

Notes
Turn   | Place    | Note
-------+----------+-------------------------------------------
     0 | D:1      | graki42 the Deep Elf Conjurer began the quest for the Orb.
     0 | D:1      | Reached XP level 1. HP: 10/10 MP: 6/6
   169 | D:1      | Reached XP level 2. HP: 15/15 MP: 2/8
   226 | D:1      | Learned a level 2 spell: Searing Ray
   461 | D:1      | Reached skill level 5 in Conjurations
  1045 | D:1      | Reached XP level 3. HP: 19/19 MP: 5/9
  1078 | D:2      | Found a faded altar of an unknown god.
  1911 | D:3      | Reached XP level 4. HP: 24/24 MP: 6/11
  1916 | D:3      | Learned a level 3 spell: Dazzling Flash
  2151 | D:3      | Learned a level 2 spell: Blink
  2183 | D:3      | Reached skill level 1 in Shields
  2322 | D:3      | Reached skill level 4 in Spellcasting
  2353 | D:3      | Found a shimmering blue altar of Sif Muna.
  2489 | D:3      | Found a basalt altar of Yredelemnul.
  2841 | D:3      | Reached skill level 1 in Fighting
  3066 | D:4      | Reached XP level 5. HP: 29/29 MP: 7/13
  3250 | D:4      | Got a masterwork flail
  3265 | D:4      | Identified the +9 flail of the Eternal Warrior {venom,
                  | Str+5 Int+5 Stlth+} (You found it on level 4 of the
                  | Dungeon)
  3270 | D:4      | Reached XP level 6. HP: 35/35 MP: 10/15
  3737 | D:4      | Learned a level 4 spell: Fulminant Prism
  3879 | D:4      | Reached skill level 5 in Spellcasting
  3962 | D:4      | You fall into a shaft and drop 2 floors!
  3962 | D:6      | Found an iron altar of Okawaru.
  3993 | D:6      | Noticed an orc warrior
  4006 | D:6      | Killed an orc warrior
  4006 | D:6      | Reached skill level 1 in Hexes
  4060 | D:5      | Entered Level 5 of the Dungeon
  4065 | D:5      | Reached skill level 1 in Translocations
  4065 | D:5      | Reached XP level 7. HP: 40/40 MP: 6/17
  4152 | D:5      | Learned a level 4 spell: Iskenderun's Mystic Blast
  4342 | D:5      | Noticed a hornet
  4404 | D:5      | Noticed jt's ghost (weakling PaDe)
  4556 | D:5      | Found a transporter.
  4558 | D:5      | Found a transporter.
  4918 | D:4      | Found a sparkling altar of Nemelex Xobeh.
  4918 | D:4      | Found a glowing golden altar of the Shining One.
  5170 | D:5      | Reached skill level 6 in Spellcasting
  5279 | D:5      | Reached XP level 8. HP: 44/44 MP: 14/19
  5505 | D:5      | Found a white marble altar of Elyvilon.
  5512 | D:5      | Learned a level 3 spell: Gell's Gravitas
  6349 | D:6      | Reached skill level 7 in Spellcasting
  6505 | D:6      | Found a staircase to the Ecumenical Temple.
  6514 | Temple   | Entered the Ecumenical Temple
  6553 | Temple   | Became a worshipper of Vehumet
  6743 | D:7      | Reached skill level 5 in Hexes
  7415 | D:7      | Found a bloodstained altar of Trog.
  7444 | D:7      | Reached XP level 9. HP: 46/48 MP: 13/22
  8003 | D:8      | Reached skill level 8 in Spellcasting
  8010 | D:8      | Reached skill level 5 in Translocations
  8164 | D:8      | Found a bloodstained altar of Trog.
  8220 | D:8      | Noticed Harold
  8244 | D:8      | Killed Harold
  9208 | D:9      | Found a glowing silver altar of Zin.
  9251 | D:9      | Reached skill level 9 in Spellcasting
  9458 | D:9      | Reached * piety under Vehumet
  9458 | D:9      | Offered knowledge of Sandblast by Vehumet.
  9477 | D:9      | Noticed a troll
  9481 | D:9      | Killed a troll
  9811 | D:9      | Reached XP level 10. HP: 53/53 MP: 22/25
 10155 | D:10     | Entered Level 10 of the Dungeon
 10423 | D:10     | Learned a level 2 spell: Slow
 10455 | D:10     | Found a runed translucent gate.
 10457 | D:10     | Found a runed translucent gate.
 10458 | D:10     | Found a runed translucent gate.
 10458 | D:10     | Noticed Akhlayph's ghost (novice TeSu)
 10459 | D:10     | Noticed a 12-headed hydra
 10460 | D:10     | Noticed a 12-headed hydra
 10478 | D:10     | Killed a 12-headed hydra
 10478 | D:10     | Reached ** piety under Vehumet
 10478 | D:10     | Offered knowledge of Shock by Vehumet.
 10478 | D:10     | Reached skill level 10 in Spellcasting
 10494 | D:10     | Killed a 12-headed hydra
 10513 | D:10     | Noticed a two-headed ogre
 10546 | D:10     | Killed Akhlayph's ghost
 10546 | D:10     | Reached skill level 10 in Conjurations
 10763 | D:10     | Killed a two-headed ogre
 10974 | D:10     | Got a faintly glowing scimitar
 10979 | D:10     | Identified the cursed +2 scimitar of Intimidation {vorpal,
                  | rElec MR+++ Str+4 Stlth-} (You found it on level 10 of the
                  | Dungeon)
 11083 | D:10     | Reached skill level 11 in Spellcasting
 11083 | D:10     | Reached XP level 11. HP: 57/57 MP: 23/28
 11120 | D:10     | Found a shimmering altar of Xom.
 11293 | D:10     | Reached skill level 10 in Hexes
 11517 | D:10     | Offered knowledge of Inner Flame by Vehumet.
 11867 | D:10     | Found a staircase to the Orcish Mines.
 11945 | Orc:1    | Entered Level 1 of the Orcish Mines
 12191 | Orc:1    | Noticed Nergalle
 12201 | Orc:1    | Noticed a spectral orc warlord
 12203 | Orc:1    | Killed from afar by Nergalle

Illustrated notes

Levels and vault maps discovered:
D:1:      dpeg_arrival_refuge, layout_basic
D:2:      layout_basic, chequers_ecumenical_altar_island, st_stairs_8
D:3:      layout_basic, yredelemnul_forgotten_temple_becter, led_sif_pool
D:4:      layout_loops_corners, gammafunk_temple_overflow_pools,
          hangedman_decor_peaks_small, lemuel_flame_loot_1
D:5:      layout_loops_ring, lemuel_doored_altar, gammafunk_ghost_hive
D:6:      layout_basic, minmay_temple_entry_trees, basic_altar
D:7:      layout_layer_cave, abandoned_shop, grunt_ministairs_3,
          amethyst_killhole, chequers_serial_rivers_small_a,
          trog_ov_bears_minmay
D:8:      layout_layer_cave, lemuel_crystal_altar, uniq_harold
D:9:      layout_roguey, zin_academy
D:10:     layout_gridville, orc_0_dummy, basic_altar,
          gammafunk_ghost_hydra_chop, minmay_holes
Temple:   regret_index_temple_waves
Orc:1:    layout_caves, serial_shops, nicolae_shop_overgrown_old_shop,
          nicolae_orc_stony_grotto, uniq_nergalle

Skill      XL: |  1  2  3  4  5  6  7  8  9 10 11 |
---------------+----------------------------------+-----
Conjurations   | 5 6 7 9 10 | 10.5
Dodging        | 3 |  3.0
Stealth        | 3 |  3.0
Shields        | 1 2 3 4 |  4.0
Spellcasting   | 4 5 6 7 9 11 | 11.3
Fighting       | 1 2 |  2.0
Hexes          | 2 3 5 7 9 10 | 10.3
Translocations | 1 2 4 6 8 |  8.6

Action                   |  1- 3 |  4- 6 |  7- 9 | 10-12 || total
-------------------------+-------+-------+-------+-------++-------
Melee: Dagger            |     2 |       |       |       ||     2
       Flail             |       |     1 |     5 |     2 ||     8
 Cast: Magic Dart        |    58 |    86 |   125 |    71 ||   340
       Searing Ray       |     4 |    10 |    41 |    33 ||    88
       Fulminant Prism   |       |       |    16 |    23 ||    39
       Gell's Gravitas   |       |       |     1 |       ||     1
       Iskenderun's Myst |       |       |     1 |       ||     1
       Blink             |       |       |       |     1 ||     1
       Slow              |       |       |       |     1 ||     1
  Use: Scroll            |     3 |     3 |    10 |     7 ||    23
       Potion            |       |       |       |     2 ||     2
 Stab: Sleeping          |       |       |     1 |     1 ||     2
Armor: Robe              |     4 |    12 |    10 |       ||    26
       Troll leather arm |       |       |     3 |    19 ||    22
       Skin              |       |       |     1 |       ||     1
Dodge: Dodged            |    13 |    21 |    23 |    35 ||    92
Block: Buckler           |     1 |     3 |    10 |    29 ||    43
       Rpst.: Scimitar   |       |       |       |     4 ||     4

Table legend: (Time is in decaauts)
 A = Elapsed time spent in this place.
 B = Non-inter-level travel time spent in this place.
 C = Inter-level travel time spent in this place.
 D = Time resting spent in this place.
 E = Time spent auto-exploring this place.
 F = Levels seen in this place.
 G = Mean time per level.
                   A        B        C        D        E       F      G
               +--------+--------+--------+--------+--------+-----+--------+
         Total |  12195 |  11928 |    267 |   2396 |   7914 |  12 | 1016.2 |
       Dungeon |  11887 |  11653 |    234 |   2376 |   7717 |  10 | 1188.7 |
        Temple |     72 |     39 |     33 |      0 |     34 |   1 |   72.0 |
  Orcish Mines |    235 |    235 |      0 |     20 |    163 |   1 |  235.0 |
               +--------+--------+--------+--------+--------+-----+--------+

Top non-repeatable levels by time:
    D:10: 1634 daAuts
     D:4: 1534 daAuts
     D:8: 1310 daAuts
     D:5: 1284 daAuts
     D:7: 1158 daAuts
     D:9: 1131 daAuts
     D:3: 1090 daAuts
     D:1: 1077 daAuts
     D:6: 878 daAuts
     D:2: 786 daAuts
   Orc:1: 235 daAuts
  Temple: 72 daAuts
